 Dungeon Crawl Stone Soup version 0.17.2-1-ge4368a0 (webtiles) character file.

105 Goblin1989 the Cutter (level 5, -10/33 HPs)
             Began as a Kobold Berserker on Sept 3, 2019.
             Was a Believer of Trog.
             Killed by divine providence
             ... invoked by an orc priest
              (16 damage)
             ... on level 3 of the Dungeon on Sept 4, 2019.
             The game lasted 00:05:20 (3293 turns).

Goblin1989 the Cutter (Kobold Berserker)            Turns: 3293, Time: 00:05:20

Health: -10/33     AC:  2    Str: 16    XL:     5   Next: 9%
Magic:  5/5        EV: 16    Int:  5    God:    Trog [**....]
Gold:   135        SH:  0    Dex: 16    Spells: 0 memorised, 4 levels left

rFire  . . .     SeeInvis .     a - +0 short sword
rCold  . . .     Clarity  .     b - +0 animal skin
rNeg   . . .     SustAt   .     (shield restricted)
rPois  .         Gourm    .     (no helmet)
rElec  .         Spirit   .     (no cloak)
rCorr  .         Warding  .     (no gloves)
rMut   .         Stasis   .     (no boots)
MR     .....                    (no amulet)
Stlth  ++........               (no ring)
                                (no ring)

@: exhausted, slowed, very slow, not resistant to hostile enchantments,
unstealthy
A: carnivore 3
a: Berserk, Trog's Hand, Burn Spellbooks, Renounce Religion


You were on level 3 of the Dungeon.
You worshipped Trog.
Trog was pleased with you.
You were very full.

You visited 1 branch of the dungeon, and saw 3 of its levels.

You collected 135 gold pieces.

Inventory:

Hand Weapons
 a - a +0 short sword (weapon)
Armour
 b - a +0 animal skin (worn)
 r - a +0 pair of gloves
Jewellery
 o - a ring of fire {unknown}
Wands
 m - a wand of magic darts (7)
Scrolls
 d - 3 scrolls of remove curse {unknown}
 h - 3 scrolls of identify {unknown}
 j - a scroll of random uselessness {unknown}
 k - a scroll of fog {unknown}
 p - a scroll of teleportation {unknown}
Potions
 e - a potion of might {unknown}
 g - 2 potions of degeneration {unknown}
 i - 2 potions of mutation {unknown}
 l - 2 potions of curing {unknown}
 n - 2 potions of cancellation {unknown}
 s - a potion of haste {unknown}
Books
 q - a book of Alchemy

   Spells                             Type                      Level
   a - Sublimation of Blood           Necromancy                   2
   b - Ignite Poison                  Fire/Transmutation/Poison    3
   c - Alistair's Intoxication        Transmutation/Poison         4
   d - Condensation Shield            Ice                          4
   e - Petrify                        Transmutation/Earth          4
   f - Irradiate                      Conjuration/Transmutation    5
   Trog disapproves of the use of such an item.
Comestibles
 c - a meat ration {@e2}
 f - a beef jerky
 t - a chunk of flesh


   Skills:
 + Level 3.9 Fighting
 * Level 5.8 Short Blades
 - Level 1.5 Armour
 + Level 3.2 Dodging
 + Level 1.7 Stealth


You had 4 spell levels left.
You didn't know any spells.

Dungeon Overview and Level Annotations

Branches:
Dungeon (3/15)

Altars:
Dithmenos
Yredelemnul

Annotations:
D:3 sophiamann's ghost, weakling GrWn


Innate Abilities, Weirdness & Mutations

You are small and have problems with some larger weapons.
You are carnivorous and can eat meat at any time.


Message History

No target in view!
No target in view!
No target in view!
No target in view!
You see here a bat corpse.
You butcher the bat corpse.
t - a chunk of flesh You see here a bat skeleton.
Health restored: 33
There is a stone staircase leading down here.
Key pressed, stopping explore.
A hobgoblin comes into view.
The helpless hobgoblin fails to defend itself.
You impale the hobgoblin!!
You kill the hobgoblin!
Trog accepts your kill.
A bat comes into view.
You see here a hobgoblin corpse.
You butcher the hobgoblin corpse.
You see here 4 chunks of flesh.
A bat is nearby!
A bat is nearby!
Unknown command.
The bat barely misses you. 3 orcs come into view.
The orc shouts!
The bat completely misses you. The bat closely misses you.
The bat barely misses you.
An orc priest comes into view.
The orc priest shouts!
The orc shouts!
You hit the bat.
You kill the bat!
Trog accepts your kill.
An orc priest comes into view. It is wielding a club.
The orc priest shouts!
You hit the orc but do no damage. You hit the orc.
The orc is heavily wounded.
The orc closely misses you.
You hit the orc.
The orc is almost dead.
The orc hits you with a dagger.
The orc priest mumbles some strange prayers to Beogh against you.
Something smites you!
You take 14 damage, and have 19/33 hp.
O_OOPS!!
MASSIVE DAMAGE!!
You are too injured to fight recklessly!
You are too injured to fight recklessly!
You are too injured to fight recklessly!
You are too injured to fight recklessly!
You are too injured to fight recklessly!
You are too injured to fight recklessly!
You are too injured to fight recklessly!
You are too injured to fight recklessly!
Unknown command.
The orc barely misses you.
You see here 4 chunks of flesh.
The orc barely misses you.
A red film seems to cover your vision as you go berserk!
You feel yourself moving faster!
You feel mighty!
You feel somewhat less full. The orc closely misses you.
You now have 31/49 hp.
You puncture the orc!
The orc is almost dead.
You puncture the orc!
You kill the orc!
Trog accepts your kill.
The orc priest shouts!
The orc hits you with a dagger.
You see here a hand axe.
You take 3 damage, and have 28/49 hp.
You puncture the orc!
You kill the orc!
Trog accepts your kill. The orc closely misses you.
Things that are here:
a dagger; an orc corpse You feel a strong urge to attack something.
The orc priest shouts!
The orc barely misses you.
You are no longer berserk.
You are exhausted.
You feel yourself slow down.
You now have 19/33 hp.
The orc barely misses you. The orc closely misses you.
The orc priest miscasts a cantrip.
The orc hits you with a flail.
* * * LOW HITPOINT WARNING * * *
The orc priest closely misses you.
Things that are here:
a dagger; an orc corpse You take 5 damage, and have 14/33 hp.
The orc closely misses you.
You see here a hand axe.
The orc priest mumbles some strange prayers to Beogh against you.
Something smites you!
* * * LOW HITPOINT WARNING * * *
You take 8 damage, and have 6/33 hp.
O_OOPS!!
MASSIVE DAMAGE!!
The orc priest calls down the wrath of Beogh upon you.
Something smites you!
You die... ██.█.██████... █ █....█........█ █ █$█.█..██████o███ █ █.█.█..██..%....█ ███████████

█.█.....█.██.█..█
..........█████.███.......███.█
█████████.██.....██........█..█
█ █.██....o.oo.██(██..█.█ █
█.......@██████.██.██.█ █
████....>█ █.......█ █.....█
███...███ ███..████ █...█
█.......██.......█ █...████
█.......██.██.██.██████...██.██
█.......██. █.██.█.............
█.......██ █..................
█.......██.██.██.█.............


You could see 2 orc priests and an orc.

Vanquished Creatures
  4 adders
  A gnoll (D:1)
  A worm (D:2)
  A giant gecko (D:1)
  3 orcs (D:3)
  7 bats
  9 hobgoblins
  8 jackals
  3 kobolds
  2 ball pythons
  2 giant cockroaches (D:3)
  3 giant newts
  3 goblins
  7 rats
54 creatures vanquished.

Notes
Turn   | Place    | Note
--------------------------------------------------------------
     0 | D:1      | Goblin1989 the Kobold Berserker began the quest for the Orb.
     0 | D:1      | Reached XP level 1. HP: 14/14 MP: 1/1
   764 | D:1      | Reached XP level 2. HP: 19/19 MP: 2/2
   899 | D:1      | Reached skill level 1 in Stealth
  1077 | D:1      | Reached XP level 3. HP: 19/23 MP: 3/3
  1948 | D:2      | Found a shadowy altar of Dithmenos.
  1962 | D:2      | Reached ** piety under Trog
  2238 | D:2      | Reached skill level 5 in Short Blades
  2238 | D:2      | Reached XP level 4. HP: 18/29 MP: 4/4
  2870 | D:3      | Found a basalt altar of Yredelemnul.
  3074 | D:3      | Noticed sophiamann's ghost (weakling GrWn)
  3205 | D:3      | Reached XP level 5. HP: 31/33 MP: 5/5
  3293 | D:3      | Killed from afar by an orc priest

Action                   |  1- 3 |  4- 6 || total
-------------------------+-------+-------++-------
Melee: Short sword       |   131 |   105 ||   236
Invok: Berserk           |     2 |     2 ||     4
 Stab: Sleeping          |     4 |     6 ||    10
  Eat: Chunk             |    14 |     5 ||    19

Vault maps used:
D:1:      lightli_arrival_statue_moat
D:2:      overflow_temple_1_default
D:3:      yredelemnul_altar_generic
